 Dungeon Crawl Stone Soup version 0.27-a0-1301-g128193a (webtiles) character file.

Game seed: 4853247051378828910

1135 Illumine the Cudgeller (level 8, -2/64 HPs)
             Began as a Gnoll Wanderer on June 15, 2021.
             Succumbed to kobold brigand's curare-tipped dart
             ... in a sewer on June 17, 2021.
             The game lasted 00:07:56 (6048 turns).

Illumine the Cudgeller (Gnoll Wanderer)             Turns: 6048, Time: 00:07:57

Health: -2/64      AC: 10    Str: 13 (15) XL:     8   Next: 36%
Magic:  12/12      EV: 12    Int:  9 (12) God:
Gold:   173        SH:  0    Dex:  9 (10) Spells: 9/13 levels left

rFire    . . .     SeeInvis .   G - +10 quarterstaff of Amaeq {flame, +Rage rN+}
rCold    + . .     Faith    .   (shield currently unavailable)
rNeg     + . .     Spirit   .   F - +1 robe {rC+}
rPois    .         Reflect  .   C - +2 hat
rElec    .         Harm     .   k - +1 cloak
rCorr    .         Rampage  .   x - +2 pair of gloves
Will     .....                  (no boots)
Stlth    ++........             (no amulet)
HPRegen  0.20/turn              (no ring)
MPRegen  0.13/turn              (no ring)

@: lethally poisoned (-2 -> -14), about to teleport, slowed, very slow
A: fangs 1, strong nose, distributed training
a: Evoke Berserk Rage


You were in a sewer.
You visited 1 branch of the dungeon, and saw 6 of its levels.
You also visited: Sewer.

You collected 173 gold pieces.

Inventory:

Hand Weapons
 a - a +2 mace
 c - a +0 dagger
 f - a +0 great sword
 j - a +1 mace of protection
 z - a +2 whip of electrocution
 G - the +10 quarterstaff of Amaeq (weapon) {flame, +Rage rN+}
   (You found it on level 6 of the Dungeon)

   It has been specially enchanted to burn those struck by it, causing extra
   injury to most foes and up to half again as much damage against particularly
   susceptible opponents.
   It protects you from negative energy.
   It lets you go berserk.
Missiles
 E - 7 silver javelins (quivered)
Armour
 b - a +0 robe
 k - a +1 cloak (worn)
 v - a +0 kite shield
 x - a +2 pair of gloves (worn)
 C - a +2 hat (worn)
 F - a +1 robe of cold resistance (worn)
Magical Staves
 o - a staff of earth
Jewellery
 q - a ring of see invisible
Wands
 h - a wand of iceblast (19)
 B - a wand of digging (6)
 D - a wand of flame (13)
Scrolls
 d - a scroll of noise {unknown}
 p - 4 scrolls of teleportation
 r - a scroll of brand weapon {unknown}
 s - a scroll of immolation {unknown}
 u - 2 scrolls of torment {unknown}
 w - 3 scrolls of identify {unknown}
 y - a scroll of silence {unknown}
 A - a scroll of blinking {unknown}
Potions
 e - a potion of invisibility {unknown}
 g - a potion of magic
 i - a potion of haste {unknown}
 l - a potion of flight {unknown}
 m - a potion of brilliance {unknown}
 n - a potion of lignification {unknown}
 t - a potion of degeneration


   Skills:
 + Level 5.6 Fighting
 + Level 3.2 Short Blades
 + Level 3.2 Long Blades
 + Level 3.2 Axes
 + Level 7.3 Maces & Flails
 + Level 3.2 Polearms
 + Level 3.2 Staves
 + Level 3.2 Slings
 + Level 3.2 Bows
 + Level 3.2 Crossbows
 + Level 3.2 Throwing
 + Level 4.1 Armour
 + Level 3.2 Dodging
 + Level 5.3 Stealth
 + Level 4.1 Shields
 + Level 3.2 Unarmed Combat
 + Level 3.2 Spellcasting
 + Level 2.6 Conjurations
 + Level 2.6 Hexes
 + Level 2.6 Summonings
 + Level 2.6 Necromancy
 + Level 2.6 Translocations
 + Level 2.6 Transmutations
 + Level 2.6 Fire Magic
 + Level 2.6 Ice Magic
 + Level 2.6 Air Magic
 + Level 2.6 Earth Magic
 + Level 2.6 Poison Magic
 + Level 3.5 Invocations
 + Level 4.1 Evocations


You had 9 spell levels left.
You knew the following spells:

 Your Spells              Type           Power      Damage    Failure   Level
a - Sandblast             Erth           12%        2d6       10%         1
b - Stone Arrow           Conj/Erth      12%        3d7       30%         3

Your spell library contained the following spells:

 Spells                   Type           Power      Damage    Failure   Level
 Sting                    Tmut/Pois      24%        1d4       10%         1
 Summon Small Mammal      Summ           24%        N/A       10%         1
 Call Imp                 Summ           6%         N/A       16%         2
 Call Canine Familiar     Summ           6%         N/A       30%         3
 Spider Form              Tmut/Pois      3%         N/A       30%         3
 Summon Guardian Golem    Hex/Summ       6%         N/A       30%         3
 Summon Ice Beast         Ice/Summ       6%         N/A       69%         4
 Summon Lightning Spire   Summ/Air       6%         N/A       69%         4


Dungeon Overview and Level Annotations

Branches:
Dungeon (6/15)              Sewer (1/1)
 Temple: D:4-7

Altars:
Dithmenos
Xom


Innate Abilities, Weirdness & Mutations

You have very sharp teeth.
Your uncanny sense of smell can sniff out nearby items.
Your experience applies equally to all skills.


Message History

The curare-tipped dart barely misses you.
The kobold brigand throws a curare-tipped dart.
The curare-tipped dart hits you.
You are poisoned.
You have difficulty breathing.
You feel yourself slow down.
You feel extremely sick.
The kobold brigand throws a curare-tipped dart.
The curare-tipped dart hits you.
You are more poisoned.
You have difficulty breathing.
You feel as though you will be slow longer.
The kobold brigand throws a curare-tipped dart.
The curare-tipped dart closely misses you.
You feel extremely sick.
The kobold brigand throws a curare-tipped dart.
The curare-tipped dart hits you.
You are more poisoned.
You have difficulty breathing.
You feel as though you will be slow longer.
The kobold brigand throws a curare-tipped dart.
The curare-tipped dart hits you.
You are lethally poisoned!
You have difficulty breathing.
* * * LOW HITPOINT WARNING * * *
You feel as though you will be slow longer.
It was a potion of degeneration.
There was something very wrong with that liquid.
You feel weakened.
You feel dopey.
You feel clumsy.
* * * LOW HITPOINT WARNING * * *
You feel extremely sick.
Unknown command.
It was a potion of magic.
Magic courses through your body.
* * * LOW HITPOINT WARNING * * *
You feel very sick.
The kobold brigand throws a curare-tipped dart.
The curare-tipped dart closely misses you.
Okay, then.
As you read the scroll labelled IBEROT HOROUN, it crumbles to dust.
You feel strangely unstable.
It was a scroll of teleportation.
You die...

###### ##
######### #†#.#.
?# #.#.#.#.#
#≈#≈#≈ ≈#
#≈#≈#≈#≈# #≈#≈#K
≈# #≈#†#≈#≈#
#≈#≈#≈#≈#
#≈#≈#≈#≈#
#.≈≈#≈≈.#
#≈≈.#≈≈≈#
##≈###≈#
##.###≈## #≈# #@#
#.# #.# #.###.#
#.###≈# #..≈≈≈#
#≈≈≈≈.# ##≈≈≈##
##.≈≈## #.≈.#
#.≈≈# #≈..# #..≈#
#.≈≈## ##≈≈≈#
#.≈.≈## ##≈.≈≈#
#≈≈.≈.#####≈≈≈≈≈#


You could see a kobold brigand.

Vanquished Creatures
  Sigmund (D:6)
  A wyvern (D:5)
  2 ogres
  A phantom (D:6)
  A scorpion (D:5)
  A water moccasin skeleton (D:5)
  2 hounds
  Crazy Yiuf (D:2)
  A gnoll shaman (D:2)
  An iguana (D:6)
  4 orc wizards (D:5)
  A howler monkey zombie (D:5)
  A howler monkey skeleton (D:4)
  3 gnolls (D:2)
  11 adders
  A shadow imp (D:6)
  An adder zombie (D:5)
  3 worms
  A dart slug (D:1)
  8 orcs
  2 ball pythons (D:2)
  4 endoplasms
  2 giant cockroaches
  4 goblins
  3 hobgoblins
  6 jackals (D:2)
  2 quokkas
  4 bats
  3 frilled lizards
  4 kobolds
  4 rats
84 creatures vanquished.

Notes
Turn   | Place    | Note
-------+----------+-------------------------------------------
     0 | D:1      | Illumine the Gnoll Wanderer began the quest for the Orb.
     0 | D:1      | Illumine set off with the following items: a +2 mace, a +0
                  | robe, a +0 dagger; and the following spells available to
                  | memorise: Sandblast, Sting, Spider Form, Stone Arrow
     0 | D:1      | Reached XP level 1. HP: 20/20 MP: 1/1
   190 | D:1      | Reached XP level 2. HP: 23/26 MP: 2/2
   256 | D:1      | Found a faded altar of an unknown god.
   858 | D:2      | Found a shimmering altar of Xom.
   966 | D:2      | Reached skill level 1 in Invocations
   966 | D:2      | Reached XP level 3. HP: 19/31 MP: 2/4
  1089 | D:2      | Reached skill level 1 in Short Blades
  1089 | D:2      | Reached skill level 1 in Long Blades
  1089 | D:2      | Reached skill level 1 in Axes
  1089 | D:2      | Reached skill level 1 in Polearms
  1089 | D:2      | Reached skill level 1 in Staves
  1089 | D:2      | Reached skill level 1 in Slings
  1089 | D:2      | Reached skill level 1 in Bows
  1089 | D:2      | Reached skill level 1 in Crossbows
  1089 | D:2      | Reached skill level 1 in Throwing
  1089 | D:2      | Reached skill level 1 in Dodging
  1089 | D:2      | Reached skill level 1 in Unarmed Combat
  1089 | D:2      | Reached skill level 1 in Spellcasting
  1178 | D:2      | Reached XP level 4. HP: 22/38 MP: 5/5
  1589 | D:2      | Found a runed translucent door.
  1590 | D:2      | Noticed Crazy Yiuf
  1606 | D:2      | Killed Crazy Yiuf
  1607 | D:2      | Reached skill level 1 in Conjurations
  1607 | D:2      | Reached skill level 1 in Hexes
  1607 | D:2      | Reached skill level 1 in Summonings
  1607 | D:2      | Reached skill level 1 in Necromancy
  1607 | D:2      | Reached skill level 1 in Translocations
  1607 | D:2      | Reached skill level 1 in Transmutations
  1607 | D:2      | Reached skill level 1 in Fire Magic
  1607 | D:2      | Reached skill level 1 in Ice Magic
  1607 | D:2      | Reached skill level 1 in Air Magic
  1607 | D:2      | Reached skill level 1 in Earth Magic
  1607 | D:2      | Reached skill level 1 in Poison Magic
  1955 | D:2      | Reached XP level 5. HP: 26/43 MP: 5/7
  2397 | D:3      | Upgraded the game from 0.27-a0-1291-geefcff5 to
                  | 0.27-a0-1301-g128193a
  2862 | D:3      | Learned a level 1 spell: Sandblast
  2930 | D:3      | Learned a level 3 spell: Stone Arrow
  3772 | D:4      | Reached XP level 6. HP: 50/50 MP: 8/8
  3890 | D:4      | Found a shadowy altar of Dithmenos.
  3926 | D:4      | Reached skill level 5 in Fighting
  4184 | D:5      | Entered Level 5 of the Dungeon
  4438 | D:5      | Reached XP level 7. HP: 42/56 MP: 8/10
  4557 | D:5      | Reached skill level 7 in Maces & Flails
  4967 | D:5      | Noticed a wyvern
  4978 | D:5      | Killed a wyvern
  4979 | D:5      | Reached skill level 5 in Stealth
  5681 | D:6      | Noticed Sigmund
  5695 | D:6      | Killed Sigmund
  5696 | D:6      | Reached XP level 8. HP: 63/63 MP: 3/12
  5809 | D:6      | Identified the +10 quarterstaff of Amaeq {flame, +Rage rN+}
  5897 | D:6      | Found a glowing drain.
  5915 | Sewer    | Entered a sewer
  6047 | Sewer    | HP: 1/64 [poisoned by kobold brigand (curare-tipped dart)]
  6048 | Sewer    | Succumbed to kobold brigand's curare-tipped dart

Illustrated notes

Levels and vault maps discovered:
D:1:      grunt_arrival_crossed_arrows, layout_basic, basic_ecumenical_altar
D:2:      layout_basic, basic_altar, uniq_crazy_yiuf_cottage
D:3:      layout_basic
D:4:      layout_basic, nicolae_dithmenos_shadow_blocks,
          corexii_leaking_fountain
D:5:      layout_basic
D:6:      mumra_celtic_spiral_tile, layout_loops_ring, minmay_temple_entry_tees,
          ebering_ghost_xom, portal_sewer_entry_d, uniq_sigmund
Sewer:    sewer_co_tree

Skill      XL: |  1  2  3  4  5  6  7 |
---------------+----------------------+-----
Invocations    | 1 2 3 |  3.5
Short Blades   | 1 2 3 |  3.2
Long Blades    | 1 2 3 |  3.2
Axes           | 1 2 3 |  3.2
Polearms       | 1 2 3 |  3.2
Staves         | 1 2 3 |  3.2
Slings         | 1 2 3 |  3.2
Bows           | 1 2 3 |  3.2
Crossbows      | 1 2 3 |  3.2
Throwing       | 1 2 3 |  3.2
Dodging        | 1 2 3 |  3.2
Unarmed Combat | 1 2 3 |  3.2
Spellcasting   | 1 2 3 |  3.2
Conjurations   | 1 2 |  2.6
Hexes          | 1 2 |  2.6
Summonings     | 1 2 |  2.6
Necromancy     | 1 2 |  2.6
Translocations | 1 2 |  2.6
Transmutations | 1 2 |  2.6
Fire Magic     | 1 2 |  2.6
Ice Magic      | 1 2 |  2.6
Air Magic      | 1 2 |  2.6
Earth Magic    | 1 2 |  2.6
Poison Magic   | 1 2 |  2.6
Armour         | 3 4 |  4.1
Shields        | 3 4 |  4.1
Evocations     | 3 4 |  4.1
Fighting       | 5 |  5.6
Maces & Flails | 7 |  7.3
Stealth        | 5 |  5.3

Action                   |  1- 3 |  4- 6 |  7- 9 || total
-------------------------+-------+-------+-------++-------
Melee: Mace              |    40 |   106 |       ||   146
       Bite              |       |    22 |    12 ||    34
       Staff             |       |    59 |       ||    59
       Whip              |       |    32 |    78 ||   110
       Punch             |       |     1 |       ||     1
       Quarterstaff      |       |       |    20 ||    20
Throw: Stone             |       |     2 |       ||     2
       Javelin           |       |       |     1 ||     1
 Cast: Sandblast         |       |    17 |     5 ||    22
       Stone Arrow       |       |       |     3 ||     3
Evoke: Wand              |       |       |     1 ||     1
  Use: Potion            |       |       |     2 ||     2
       Scroll            |       |       |     1 ||     1
 Stab: Sleeping          |     4 |     5 |     2 ||    11
       Distracted        |     1 |     1 |       ||     2
Armor: Robe              |     7 |    59 |    31 ||    97
Dodge: Dodged            |    16 |   117 |    59 ||   192

Table legend: (Time is in decaauts)
 A = Elapsed time spent in this place.
 B = Non-inter-level travel time spent in this place.
 C = Inter-level travel time spent in this place.
 D = Time resting spent in this place.
 E = Time spent auto-exploring this place.
 F = Levels seen in this place.
 G = Mean time per level.
                   A        B        C        D        E       F      G
               +--------+--------+--------+--------+--------+-----+--------+
         Total |   6082 |   5956 |    126 |   1575 |   3370 |   7 |  868.9 |
       Dungeon |   5910 |   5784 |    126 |   1575 |   3253 |   6 |  985.0 |
         Sewer |    171 |    171 |      0 |      0 |    117 |   1 |  171.0 |
               +--------+--------+--------+--------+--------+-----+--------+

Top non-repeatable levels by time:
     D:5: 1175 daAuts
     D:2: 1126 daAuts
     D:1: 1077 daAuts
     D:4: 1002 daAuts
     D:3: 994 daAuts
     D:6: 534 daAuts
   Sewer: 171 daAuts
